 Dungeon Crawl Stone Soup version 0.26-a0-682-g294304f6e8 (console) character file.

Game seed: 659880149221907513

2174 om the Conjurer (level 9, -9/69 HPs)
             Began as a Red Draconian Fire Elementalist on Oct 21, 2020.
             Was a Follower of Vehumet.
             Killed from afar by Maggie the rime drake (27 damage)
             ... with a flash freeze
             ... on level 6 of the Dungeon.
             The game lasted 00:24:05 (9643 turns).

om the Conjurer (Red Draconian Fire Elementalist)   Turns: 9643, Time: 00:24:05

Health: -9/69      AC:  8    Str: 17    XL:     9   Next: 11%
Magic:  1/15       EV: 14    Int: 17    God:    Vehumet [*.....]
Gold:   271        SH:  0    Dex: 11    Spells: 15/16 levels left

rFire    + . .     SeeInvis .   a - +4 dagger
rCold    . . .     Faith    +   (no shield)
rNeg     . . .     Spirit   .   (armour unavailable)
rPois    .         Reflect  .   (helmet restricted)
rElec    .         Harm     .   (no cloak)
rCorr    .         Rampage  .   s - +0 pair of gloves
MR       ++...                  (no boots)
Stlth    ++........             o - amulet of Vadiz {Faith MR++ Str+4 Slay-4}
HPRegen  0.21/turn              (no ring)
MPRegen  0.14/turn              (no ring)

@: no status effects
A: breathe fire, unfitting armour, fire resistance 1, cold-blooded, AC +7
a: Breathe Fire, Renounce Religion


You were on level 6 of the Dungeon.
You worshipped Vehumet.
Vehumet was aware of your devotion.
You visited 1 branch of the dungeon, and saw 6 of its levels.

You collected 271 gold pieces.

Inventory:

Hand Weapons
 a - a +4 dagger (weapon)
 t - a +2 halberd of flaming
Armour
 s - a +0 pair of gloves (worn)
Jewellery
 o - the amulet of Vadiz (around neck) {Faith MR++ Str+4 Slay-4}
   (You found it on level 5 of the Dungeon)

   [amulet of faith]

   It allows you to gain divine favour quickly.
   It affects your strength (+4).
   It affects your accuracy and damage with ranged weapons and melee attacks
   (-4).
   It affects your resistance to hostile enchantments.
Wands
 d - a wand of polymorph (3)
 g - a wand of flame (40)
Scrolls
 b - 3 scrolls of remove curse {unknown}
 e - 3 scrolls of enchant armour {unknown}
 h - a scroll of amnesia {unknown}
 i - a scroll of magic mapping {unknown}
 j - 2 scrolls of enchant weapon
 l - a scroll of blinking {unknown}
 n - 3 scrolls of teleportation {unknown}
 p - a scroll of fog {unknown}
Potions
 f - 3 potions of brilliance
 k - a potion of might
 m - a potion of cancellation
 q - a potion of flight
 r - a potion of lignification


   Skills:
 - Level 3.0 Fighting
 - Level 6.0 Polearms
 - Level 5.0 Dodging
 - Level 2.0 Stealth
 - Level 0.4 Unarmed Combat
 - Level 4.0 Spellcasting
 * Level 6.2 Conjurations
 - Level 6.0 Fire Magic


You had 15 spell levels left.
You knew the following spells:

 Your Spells              Type           Power        Failure   Level
a - Foxfire               Conj/Fire      ###.         1%          1

Your spell library contained the following spells:

 Spells                   Type           Power        Failure   Level
 Magic Dart               Conj           ###.         1%          1
 Conjure Flame            Conj/Fire      ###.....     3%          3
 Sticky Flame             Conj/Fire      ###.....     13%         4
 Inner Flame              Hex/Fire       ##......     14%         3
 Fireball                 Conj/Fire      ###.......   34%         5


Dungeon Overview and Level Annotations

Branches:
Dungeon (6/15)
 Temple: D:4-7

Altars:
Fedhas
Gozag
Okawaru
Uskayaw
Vehumet

Shops:
D:5 [

Annotations:
D:4 exclusion: statue
D:6 Maggie, Prince Ribbit


Innate Abilities, Weirdness & Mutations

You can breathe blasts of fire.
Your fiery red scales are hard. (AC +7)
You cannot fit into any form of body armour.
Your flesh is heat resistant. (rF+)
You are cold-blooded and may be slowed by cold attacks.


Message History

An orc comes into view.
The orc shouts!
Maggie breathes ice at you. The flash freeze hits you!
* * * LOW HITPOINT WARNING * * *
You are encased in ice.
A giant cockroach comes into view.
Found 17 stones.
An orc comes into view.
Prince Ribbit comes into view.
An orc priest comes into view. It is wielding a +0 falchion.
A quokka skeleton comes into view.
An orc wizard comes into view. It is wielding a +0 dagger.
Found 10 arrows.
An orc comes into view. It is wielding a +0 dagger.
The ice encasing you melts away.
Prince Ribbit gives a loud, deep croak!
The orc priest shouts!
Prince Ribbit blinks!
Maggie breathes ice at you. The flash freeze hits you!!
You die...

#.................<............#
####.#.#..................)....#
#.#...................).....#
#.##........................# #.
.................)......# #.
.........)..............# #.
...ยง.....)..............#
........................#
......F..............).#
.........k...>.........#
.......@...............#
......<................
..(..........#########
.Z......o....# ..#.B........# #
##...o.....# ..o.o...(.#
...o.......#


You could see Prince Ribbit, Maggie the rime drake (catching breath), an orc
priest, an orc wizard (wandering), 3 orcs, a giant cockroach (wandering) and a
quokka skeleton.

Vanquished Creatures
  Pikel (D:5)
  Eustachio (D:4)
  Edmund (D:4)
  2 ice beasts
  2 sky beasts
  A necrophage (D:5)
  An ogre (D:4)
  A phantom (D:4)
  A centaur (D:6)
  3 lemures (D:5)
  A bullfrog (D:3)
  A bullfrog zombie (D:5)
  3 hounds
  An orc priest (D:4)
  An orc wizard (D:3)
  A bullfrog skeleton (D:6)
  An iguana (D:3)
  2 worker ants (D:4)
  A killer bee zombie (D:6)
  A hound zombie (D:5)
  A hound skeleton (D:4)
  Robin (D:3)
  8 gnolls
  7 adders
  A shadow imp (D:5)
  3 white imps (D:5)
  5 oozes
  2 adder skeletons
  5 worms
  4 dart slugs (D:1)
  5 leopard geckos
  17 orcs
  A giant cockroach (D:5)
  18 goblins
  13 hobgoblins
  3 jackals (D:1)
  8 kobolds
  3 quokkas
  10 bats
  7 frilled lizards
  8 rats
157 creatures vanquished.

Vanquished Creatures (collateral kills)
  3 foxfires
3 creatures vanquished.

Vanquished Creatures (others)
  599 foxfires
  2 plants (D:2)
601 creatures vanquished.

Grand Total: 761 creatures vanquished

Notes
Turn   | Place    | Note
-------+----------+-------------------------------------------
     0 | D:1      | om the Draconian Fire Elementalist began the quest for the
                  | Orb.
     0 | D:1      | Reached XP level 1. HP: 14/14 MP: 3/3
   324 | D:1      | Reached XP level 2. HP: 20/20 MP: 0/5
   719 | D:1      | You fall into a shaft and drop 1 floor!
   759 | D:2      | Reached XP level 3. HP: 26/26 MP: 2/6
  2132 | D:2      | Reached XP level 4. HP: 32/33 MP: 7/7
  3173 | D:1      | Reached XP level 5. HP: 8/38 MP: 2/9
  3783 | D:3      | Noticed Robin
  3942 | D:3      | Killed Robin
  4154 | D:3      | Found a blossoming altar of Fedhas.
  4740 | D:3      | Found a hide-covered altar of Uskayaw.
  5179 | D:3      | Reached XP level 6. HP: 32/45 MP: 6/10
  5702 | D:4      | Found a radiant altar of Vehumet.
  5903 | D:4      | Became a worshipper of Vehumet
  6239 | D:4      | Found an iron altar of Okawaru.
  6725 | D:4      | Your scales start taking on a fiery red colour.
  6725 | D:4      | Reached XP level 7. HP: 43/50 MP: 5/11
  6725 | D:4      | Gained mutation: Your flesh is heat resistant. (rF+) [Red
                  | Draconian growth]
  6815 | D:4      | Reached skill level 5 in Dodging
  6815 | D:4      | Reached skill level 1 in Fighting
  6878 | D:4      | Noticed Edmund
  6891 | D:4      | Killed Edmund
  6891 | D:4      | Reached skill level 5 in Fire Magic
  7006 | D:4      | Found an opulent altar of Gozag.
  7011 | D:4      | Noticed Eustachio
  7022 | D:4      | Killed Eustachio
  7563 | D:5      | Entered Level 5 of the Dungeon
  7632 | D:5      | Reached skill level 5 in Conjurations
  7632 | D:5      | Reached XP level 8. HP: 63/63 MP: 12/12
  7774 | D:5      | Found Kiyd's Armour Shop.
  7965 | D:5      | Reached * piety under Vehumet
  7965 | D:5      | Offered knowledge of Magic Dart by Vehumet.
  8143 | D:5      | Reached skill level 1 in Polearms
  8636 | D:5      | Noticed Pikel
  8759 | D:5      | Killed Pikel
  8759 | D:5      | Reached skill level 5 in Polearms
  8853 | D:5      | Got a clouded ruby amulet
  8859 | D:5      | Identified the amulet of Vadiz {Faith MR++ Str+4 Slay-4}
                  | (You found it on level 5 of the Dungeon)
  9122 | D:6      | Reached XP level 9. HP: 69/69 MP: 8/15
  9565 | D:6      | Noticed Maggie
  9634 | D:6      | Noticed Maggie
  9634 | D:6      | Maggie changed into Maggie the rime drake
  9642 | D:6      | Noticed Prince Ribbit
  9643 | D:6      | Killed from afar by Maggie the rime drake

Illustrated notes

Levels and vault maps discovered:
D:1:      ebering_trefoil_twist, layout_basic
D:2:      layout_loops_corners, serial_forest, infiniplex_forest_straight_2,
          infiniplex_forest_side_room, infiniplex_forest_join,
          infiniplex_forest_lined_ring, infiniplex_forest_diagonal,
          infiniplex_forest_clump_tiny, infiniplex_forest_clump_large,
          infiniplex_forest_clump_medium, kennysheep_generic_room_13
D:3:      layout_rooms, nicolae_overflow_hidden_temple,
          eat_drink_and_be_merry_uskayaw, kennysheep_generic_room_11, uniq_robin
D:4:      layout_basic, okawaru_altar_gauntlet_db, vehumet_statue,
          old_standard_altar, uniq_eustachio, uniq_edmund
D:5:      layout_loops_ring, kennysheep_windowed_goal, uniq_pikel
D:6:      layout_basic, chequers_temple_overflow_minitemple,
          lemuel_zombie_altar_yredelemnul, uniq_maggie, uniq_prince_ribbit1,
          uniq_crazy_yiuf_cottage, uniq_grinder

Skill      XL: |  1  2  3  4  5  6  7  8  9 |
---------------+----------------------------+-----
Dodging        | 2 3 4 5 |  5.0
Stealth        | 2 |  2.0
Fire Magic     | 4 6 |  6.0
Conjurations   | 2 3 4 5 6 |  6.2
Spellcasting   | 3 4 |  4.0
Fighting       | 3 |  3.0
Polearms       | 5 6 |  6.0
Unarmed Combat | |  0.4

Action                   |  1- 3 |  4- 6 |  7- 9 || total
-------------------------+-------+-------+-------++-------
Melee: Unarmed           |     7 |       |       ||     7
       Tailslap          |     4 |     9 |     5 ||    18
       Dagger            |    34 |    73 |    41 ||   148
       Punch             |       |     1 |     1 ||     2
 Cast: Foxfire           |    45 |   149 |   180 ||   374
 Abil: Breathe Fire      |       |       |    14 ||    14
Evoke: Wand              |       |       |     2 ||     2
  Use: Scroll            |       |       |     8 ||     8
       Potion            |       |       |     2 ||     2
 Stab: Sleeping          |       |     4 |       ||     4
Armor: Skin              |    16 |    47 |    30 ||    93
Dodge: Dodged            |    45 |    91 |    54 ||   190

Table legend: (Time is in decaauts)
 A = Elapsed time spent in this place.
 B = Non-inter-level travel time spent in this place.
 C = Inter-level travel time spent in this place.
 D = Time resting spent in this place.
 E = Time spent auto-exploring this place.
 F = Levels seen in this place.
 G = Mean time per level.
                   A        B        C        D        E       F      G
               +--------+--------+--------+--------+--------+-----+--------+
         Total |   9640 |   9423 |    217 |   3552 |   4361 |   6 | 1606.7 |
       Dungeon |   9640 |   9423 |    217 |   3552 |   4361 |   6 | 1606.7 |
               +--------+--------+--------+--------+--------+-----+--------+

Top non-repeatable levels by time:
     D:4: 2084 daAuts
     D:1: 2038 daAuts
     D:2: 1823 daAuts
     D:3: 1622 daAuts
     D:5: 1467 daAuts
     D:6: 605 daAuts
